%YAML 1.1
%TAG !u! tag:unity3d.com,2011:
--- !u!243 &-8087199198887673280
AudioMixerGroupController:
  m_ObjectHideFlags: 0
  m_CorrespondingSourceObject: {fileID: 0}
  m_PrefabInstance: {fileID: 0}
  m_PrefabAsset: {fileID: 0}
  m_Name: Music
  m_AudioMixer: {fileID: 24100000}
  m_GroupID: d4e94f9f95b964b449bd1a92680b13bd
  m_Children: []
  m_Volume: 93e123610e9c936449a91812800edd31
  m_Pitch: e669f89701aa6184e9344fc9e4c4b028
  m_Send: 00000000000000000000000000000000
  m_Effects:
  - {fileID: -1482570882326730003}
  m_UserColorIndex: 0
  m_Mute: 0
  m_Solo: 0
  m_BypassEffects: 0
--- !u!244 &-3143126415660342669
AudioMixerEffectController:
  m_ObjectHideFlags: 3
  m_CorrespondingSourceObject: {fileID: 0}
  m_PrefabInstance: {fileID: 0}
  m_PrefabAsset: {fileID: 0}
  m_Name: 
  m_EffectID: b0c0025710f71674a8dfe7d4ecaa0eed
  m_EffectName: Attenuation
  m_MixLevel: 801cf12c59f61e949b2c71c33197d48e
  m_Parameters: []
  m_SendTarget: {fileID: 0}
  m_EnableWetMix: 0
  m_Bypass: 0
--- !u!244 &-1482570882326730003
AudioMixerEffectController:
  m_ObjectHideFlags: 3
  m_CorrespondingSourceObject: {fileID: 0}
  m_PrefabInstance: {fileID: 0}
  m_PrefabAsset: {fileID: 0}
  m_Name: 
  m_EffectID: ec047e94c3344d449a0d91db5d6a9aae
  m_EffectName: Attenuation
  m_MixLevel: f95ef99115d96f54abd4af466085358a
  m_Parameters: []
  m_SendTarget: {fileID: 0}
  m_EnableWetMix: 0
  m_Bypass: 0
--- !u!241 &24100000
AudioMixerController:
  m_ObjectHideFlags: 0
  m_CorrespondingSourceObject: {fileID: 0}
  m_PrefabInstance: {fileID: 0}
  m_PrefabAsset: {fileID: 0}
  m_Name: MainMixer
  m_OutputGroup: {fileID: 0}
  m_MasterGroup: {fileID: 24300002}
  m_Snapshots:
  - {fileID: 24500006}
  m_StartSnapshot: {fileID: 24500006}
  m_SuspendThreshold: -80
  m_EnableSuspend: 1
  m_UpdateMode: 0
  m_ExposedParameters:
  - guid: 31114714b2acc6948af4d1225e9cbf3d
    name: EffectsVol
  - guid: 121870ca0867fb8409c91f421a10bbe1
    name: MasterVol
  - guid: 93e123610e9c936449a91812800edd31
    name: MusicVol
  m_AudioMixerGroupViews:
  - guids:
    - d547cb5b384086d4daa224b3e65d0f9a
    - d4e94f9f95b964b449bd1a92680b13bd
    - 7b152b2d49844ea40bccdb6148494c5b
    name: View
  m_CurrentViewIndex: 0
  m_TargetSnapshot: {fileID: 24500006}
--- !u!243 &24300002
AudioMixerGroupController:
  m_ObjectHideFlags: 0
  m_CorrespondingSourceObject: {fileID: 0}
  m_PrefabInstance: {fileID: 0}
  m_PrefabAsset: {fileID: 0}
  m_Name: Master
  m_AudioMixer: {fileID: 24100000}
  m_GroupID: d547cb5b384086d4daa224b3e65d0f9a
  m_Children:
  - {fileID: -8087199198887673280}
  - {fileID: 9040216009501406669}
  m_Volume: 121870ca0867fb8409c91f421a10bbe1
  m_Pitch: cf9c0e0fa59d5b64f879dd07d4cc324b
  m_Send: 00000000000000000000000000000000
  m_Effects:
  - {fileID: 24400004}
  m_UserColorIndex: 0
  m_Mute: 0
  m_Solo: 0
  m_BypassEffects: 0
--- !u!244 &24400004
AudioMixerEffectController:
  m_ObjectHideFlags: 3
  m_CorrespondingSourceObject: {fileID: 0}
  m_PrefabInstance: {fileID: 0}
  m_PrefabAsset: {fileID: 0}
  m_Name: 
  m_EffectID: 9a8801ae2151d6a499f2db8ec3242910
  m_EffectName: Attenuation
  m_MixLevel: 7f46a9cfa183edb4fae23636f3ae2bba
  m_Parameters: []
  m_SendTarget: {fileID: 0}
  m_EnableWetMix: 0
  m_Bypass: 0
--- !u!245 &24500006
AudioMixerSnapshotController:
  m_ObjectHideFlags: 0
  m_CorrespondingSourceObject: {fileID: 0}
  m_PrefabInstance: {fileID: 0}
  m_PrefabAsset: {fileID: 0}
  m_Name: Snapshot
  m_AudioMixer: {fileID: 24100000}
  m_SnapshotID: c9489fd01068f2c42836cd0b4bc0746c
  m_FloatValues:
    93e123610e9c936449a91812800edd31: 0.18455404
    31114714b2acc6948af4d1225e9cbf3d: 0.27000841
  m_TransitionOverrides: {}
--- !u!243 &9040216009501406669
AudioMixerGroupController:
  m_ObjectHideFlags: 0
  m_CorrespondingSourceObject: {fileID: 0}
  m_PrefabInstance: {fileID: 0}
  m_PrefabAsset: {fileID: 0}
  m_Name: Effects
  m_AudioMixer: {fileID: 24100000}
  m_GroupID: 7b152b2d49844ea40bccdb6148494c5b
  m_Children: []
  m_Volume: 31114714b2acc6948af4d1225e9cbf3d
  m_Pitch: 64648dcfe2bb493488e3ae2bef62afcd
  m_Send: 00000000000000000000000000000000
  m_Effects:
  - {fileID: -3143126415660342669}
  m_UserColorIndex: 0
  m_Mute: 0
  m_Solo: 0
  m_BypassEffects: 0
